 Dungeon Crawl Stone Soup version 0.27.1-33-g824d729ab1 (webtiles) character file.

Game seed: 6041275357261649195

191 zeram the Caller (level 5, -4/39 (45) HPs)
             Began as a Troll Summoner on Dec 2, 2021.
             Slain by Edmund (10 damage)
             ... on level 3 of the Dungeon.
             The game lasted 00:05:39 (2557 turns).

zeram the Caller (Troll Summoner)                   Turns: 2557, Time: 00:05:39

HP:   -4/39 (45)    AC:  4    Str: 16    XL:     5   Next: 41%
MP:   3/5           EV: 10    Int: 12    God:
Gold: 173           SH:  0    Dex: 10    Spells: 3/6 levels left

rFire    . . .     SeeInvis .   f - +4 short sword (drain)
rCold    . . .     Faith    .   (no shield)
rNeg     . . .     Spirit   .   a - +0 robe
rPois    .         Reflect  .   (helmet restricted)
rElec    .         Harm     .   (no cloak)
rCorr    .         Rampage  .   (gloves unavailable)
Will     .....                  (boots unavailable)
Stlth    +.........             (no amulet)
HPRegen  1.13/turn              (no ring)
MPRegen  0.09/turn              (no ring)

@: hasted, heavily drained, very quick
A: large, unfitting armour, claws 3, regeneration 1, shaggy fur 1, tough skin 1
a: no special abilities


You were on level 3 of the Dungeon.
You visited 1 branch of the dungeon, and saw 4 of its levels.

You collected 173 gold pieces.

Inventory:

Hand Weapons
 b - a +0 spear
 f - a +4 short sword of draining (weapon)
Armour
 a - a +0 robe (worn)
Scrolls
 c - 2 scrolls of identify
 e - a scroll of fog
Potions
 g - a potion of lignification {unknown}
 h - a potion of flight


   Skills:
 + Level 2.9 Dodging
 - Level 1.0 Stealth
 - Level 1.2 Spellcasting
 + Level 4.5 Summonings


You had 3 spell levels left.
You knew the following spells:

 Your Spells              Type           Power      Damage    Failure   Level
a - Summon Small Mammal   Summ           44%        N/A       4%          1
b - Call Imp              Summ           11%        N/A       7%          2

Your spell library contained the following spells:

 Spells                   Type           Power      Damage    Failure   Level
 Call Canine Familiar     Summ           11%        N/A       14%         3
 Shock                    Conj/Air       0%         1d3       30%         1
 Summon Guardian Golem    Hex/Summ       6%         N/A       34%         3
 Swiftness                Air            0%         N/A       65%         3
 Summon Lightning Spire   Summ/Air       6%         N/A       75%         4
 Airstrike                Air            0%         N/A       96%         4


Dungeon Overview and Level Annotations

Branches:
Dungeon (4/15)
 Temple: D:4-7

Altars:
Dithmenos
Elyvilon
Xom

Shops:
D:2 (=

Annotations:
D:3 Edmund


Innate Abilities, Weirdness & Mutations

You are too large for most types of armour.
You have claws for hands.
Your natural rate of healing is unusually fast.
You are covered in fur. (AC +1)
You have tough skin. (AC +1)


Message History

Gang up on whom?
Press: ? - help, Dir - move target, f - orc priest
Aim: an orc priest, wielding a +1 vorpal hand axe (moderately wounded, ally target) Attack!
The orc wizard casts a spell at you.
You are confused.
You hit Edmund but do no damage.
Edmund is lightly wounded.
Edmund closely misses you.
Your white imp hits the orc priest.
Your white imp freezes the orc priest.
You closely miss the orc wizard.
Edmund hits you with a +4 dire flail of draining.
You feel drained.
You barely miss the orc wizard.
You feel less confused.
Edmund hits you with a +4 dire flail of draining!
You feel drained. The orc wizard closely misses you.
The orc priest hits you but does no damage.
The orc priest barely misses your white imp.
Unknown command.
Unknown command.
The orc wizard hits you with a +0 dagger.
Your white imp barely misses the orc priest.
The orc wizard casts a spell at you. The magic dart hits you.
* * * LOW HITPOINT WARNING * * *
Your white imp hits the orc priest but does no damage.
Your white imp gestures at the orc priest.
The puff of frost hits the orc priest.
The orc priest dies!
There is a stone staircase leading up here.
Edmund hits you with a +4 dire flail of draining!
* * * LOW HITPOINT WARNING * * *
You feel drained.
* * * LOW HITPOINT WARNING * * *
You climb upwards.
There is a stone staircase leading down here.
You feel yourself speed up.
Edmund hits you with a +4 dire flail of draining!
You die...

#............#.....<..###...
#...........................
#............#....÷.†.###...
#........##..###########....
################............#.###
........####........#######.#.#..
...........#........#...# #.#....
.§≈≈≈≈≈≈≈≈.#.......>#...###.#...P
.≈.......≈.....@@.............8..
.≈.♣.♣♣♣.≈.####.#####...###.#8...
§≈.♣...♣.≈.####..# #...# #.###..
.≈.♣._.♣.§.§§§§§§# ##### #......
.≈.♣...♣.≈.§§§§§§# ##.####
.≈.♣♣♣.♣.≈.§.§§§.# #.# #
.§.......≈...§.§.# #####.####
..≈≈≈≈§≈≈≈.#.....#######.........
.§.........##.........##.....###.


You could see Edmund.

Vanquished Creatures
  An orc wizard (D:4)
  Robin (D:2)
  2 adders (D:2)
  3 gnolls (D:2)
  An adder zombie (D:3)
  2 adder skeletons (D:3)
  A dart slug (D:3)
  7 ball pythons
  4 bats
  4 endoplasms
  8 giant cockroaches
  8 goblins
  7 hobgoblins
  3 jackals (D:2)
  3 kobolds
  3 quokkas (D:2)
  4 frilled lizards
  A quokka skeleton (D:3)
  7 rats
70 creatures vanquished.

Vanquished Creatures (collateral kills)
  An orc priest (D:4)
  Terence (D:2)
  A ball python (D:1)
  5 kobolds
  A goblin (D:2)
9 creatures vanquished.

Grand Total: 79 creatures vanquished

Notes
Turn   | Place    | Note
-------+----------+-------------------------------------------
     0 | D:1      | zeram the Troll Summoner began the quest for the Orb.
     0 | D:1      | Reached XP level 1. HP: 16/16 MP: 1/1
    52 | D:1      | Reached skill level 3 in Summonings
   318 | D:1      | Reached XP level 2. HP: 24/24 MP: 2/2
   327 | D:1      | Learned a level 2 spell: Call Imp
   940 | D:2      | Reached XP level 3. HP: 31/31 MP: 0/3
   979 | D:2      | Noticed Terence
  1019 | D:2      | Killed Terence
  1074 | D:2      | Reached skill level 4 in Summonings
  1078 | D:2      | Reached XP level 4. HP: 34/37 MP: 2/4
  1079 | D:2      | Noticed Robin
  1097 | D:2      | Killed Robin
  1164 | D:2      | Found Xeusixiy's Weapon Emporium.
  1233 | D:2      | Found a faded altar of an unknown god.
  1294 | D:2      | Found Wotu's Jewellery Shoppe.
  1852 | D:3      | Reached XP level 5. HP: 45/45 MP: 5/5
  1891 | D:3      | Found a large runed translucent door.
  1891 | D:3      | Found a large runed translucent door.
  1892 | D:3      | Found a shimmering altar of Xom.
  1911 | D:3      | Found a white marble altar of Elyvilon.
  2201 | D:3      | Found a shadowy altar of Dithmenos.
  2535 | D:4      | Noticed Edmund
  2557 | D:3      | Slain by Edmund

Illustrated notes

Levels and vault maps discovered:
D:1:      wander_arrival_lonely_grave, layout_loops_corners
D:2:      layout_loops_ring, hellmonk_ecumenical_altar_pennies_from_heaven,
          serial_shops, shop_statue, shop, minmay_misc_feat_doors, uniq_robin,
          uniq_terence
D:3:      due_chaos_kobolds, layout_basic, mainiacjoe_overflow_brackets,
          nicolae_overflow_crystal_walls, serial_undead, serial_undead_b,
          serial_undead_a, serial_undead_a, serial_undead_c, serial_undead_e,
          serial_undead_a, serial_undead_f, minivault_25
D:4:      kennysheep_kobold_camp, layout_gridville, minmay_temple_entry_trees,
          serial_shops, nicolae_square_shop, uniq_crazy_yiuf_cottage,
          uniq_edmund

Skill      XL: |  1  2  3 |
---------------+----------+-----
Summonings     | 3 4 |  4.5
Dodging        | 2 |  2.9
Stealth        | |  1.0
Spellcasting   | |  1.2

Action                   |  1- 3 |  4- 6 || total
-------------------------+-------+-------++-------
Melee: Spear             |    87 |       ||    87
       Unarmed           |     9 |       ||     9
       Short sword       |    10 |   122 ||   132
 Cast: Call Imp          |     5 |     5 ||    10
       Summon Small Mamm |     1 |       ||     1
  Use: Scroll            |     1 |     3 ||     4
       Potion            |       |     3 ||     3
 Stab: Sleeping          |     2 |     2 ||     4
       Distracted        |     1 |       ||     1
Armor: Robe              |    51 |    32 ||    83
Dodge: Dodged            |    54 |    80 ||   134
